 Dungeon Crawl Stone Soup version 0.21.1-1-g345015fe64 (webtiles) character file.

438 JarielCorvus the Skirmisher (level 7, -4/44 HPs)
             Began as a Gargoyle Fighter on July 13, 2018.
             Slain by Duvessa
             ... wielding a cursed -1 short sword
              (11 damage)
             ... on level 4 of the Dungeon.
             The game lasted 00:09:28 (3390 turns).

JarielCorvus the Skirmisher (Gargoyle Fighter)      Turns: 3390, Time: 00:09:30

Health: -4/44      AC:  0    Str: 21    XL:     7   Next: 1%
Magic:  7/7        EV: 13    Int:  8    God:
Gold:   118        SH:  0    Dex: 10    Spells: 6/6 levels left

rFire    . . .     SeeInvis .   (weapon currently unavailable)
rCold    . . .     Gourm    .   (shield currently unavailable)
rNeg     + . .     Faith    .   (armour currently unavailable)
rPois    ∞         Spirit   .   (helmet currently unavailable)
rElec    .         Reflect  .   (cloak currently unavailable)
rCorr    .         Harm     .   (gloves currently unavailable)
MR       .....                  (boots currently unavailable)
Stlth    +.........             j - amulet of rage
HPRegen  0.14/turn              (ring currently unavailable)
MPRegen  0.10/turn              (ring currently unavailable)

@: pig-form, very quick
A: small, negative energy resistance 1, petrification resistance, rot immunity,
AC +4
a: Evoke Berserk Rage


You were on level 4 of the Dungeon.
You were hungry.
You were a filthy swine.
You visited 1 branch of the dungeon, and saw 4 of its levels.

You collected 118 gold pieces.

Inventory:

Hand Weapons
 a - a +1 flail (melded)
Armour
 b - a +1 scale mail
 c - a +1 shield (melded)
 n - a +0 plate armour (melded)
Jewellery
 h - a ring of resist corrosion (melded)
 j - an amulet of rage (around neck)
 k - a ring of positive energy (melded)
 o - a cursed +4 amulet of reflection {unknown}
Wands
 q - a wand of paralysis (11)
Scrolls
 e - 2 scrolls of enchant armour
 r - 2 scrolls of fear
 s - a scroll of remove curse
 v - a scroll of amnesia
Potions
 d - 3 potions of might
 g - 2 potions of heal wounds
 i - 2 potions of haste
 l - 2 potions of ambrosia
 m - a potion of berserk rage {unknown}
 p - 5 potions of curing {unknown}
Comestibles
 f - 10 rations


   Skills:
 * Level 5.5 Fighting
 + Level 3.4 Maces & Flails
 * Level 5.5 Armour
 + Level 4.4 Shields


You had 6 spell levels left.
You didn't know any spells.

Dungeon Overview and Level Annotations

Branches:
Dungeon (4/15)
 Temple: D:4-7

Altars:
Okawaru
Ru
Zin

Annotations:
D:4 Dowan, Duvessa


Innate Abilities, Weirdness & Mutations

You are resistant to torment.
((Your stone body is resilient. (AC +4)))
You are immune to poison.
You resist negative energy. (rN+)
((You are resistant to electric shocks. (rElec)))
((You can survive without breathing.))
You are immune to petrification.
You are immune to rotting.


Message History

Duvessa zaps a wand.
You turn into a filthy swine.
Your +1 flail melds into your body.
Your +1 shield melds into your body.
Your +0 plate armour melds into your body.
Your ring of positive energy melds into your body.
Your ring of resist corrosion melds into your body.
Dowan points at you and mumbles some strange words.
The puff of flame hits you! Duvessa hits you with a short sword.
You hit Duvessa but do no damage.
Duvessa is moderately wounded.
Dowan mumbles some strange words.
Dowan blinks!
Duvessa says, "When magic and the sword combine, nothing stands against them."
Duvessa zaps a wand.
You resist with some effort.
You hit Duvessa.
Duvessa is moderately wounded.
Dowan gestures at you while chanting. The puff of flame hits you!
* * * LOW HITPOINT WARNING * * *
Duvessa hits you with a short sword!
You die...

... ... .. #.########
#........# #........#
#.e......# #.h§..$.e#
#........########
###..?............##
....................##
......................#
..........#............
..........+............
..........#............
..........#............


You could see Duvessa and Dowan.

Vanquished Creatures
  The ghost of brittlin the Shield-Bearer, an amateur HOFi (D:3)
  A hound (D:4)
  Natasha (thrice) (D:2)
  7 adders
  4 gnolls (D:2)
  5 worms
  2 leopard geckos
  5 orcs (D:3)
  2 giant cockroaches
  6 hobgoblins
  4 jackals (D:1)
  4 quokkas
  A ball python (D:3)
  6 bats
  5 frilled lizards
  7 goblins
  7 kobolds
  9 rats
79 creatures vanquished.

Notes
Turn   | Place    | Note
-------+----------+-------------------------------------------
     0 | D:1      | JarielCorvus the Gargoyle Fighter began the quest for the Orb.
     0 | D:1      | Reached XP level 1. HP: 14/14 MP: 1/1
   101 | D:1      | Reached XP level 2. HP: 16/19 MP: 2/2
   720 | D:2      | Noticed Natasha
   724 | D:2      | Noticed a crimson imp
   726 | D:2      | Killed Natasha
   726 | D:2      | Reached XP level 3. HP: 17/24 MP: 3/3
   832 | D:2      | Noticed Natasha
   840 | D:2      | Killed Natasha
   840 | D:2      | Reached XP level 4. HP: 14/29 MP: 4/4
   929 | D:2      | Noticed Natasha
   933 | D:2      | Killed Natasha
  1088 | D:2      | Reached XP level 5. HP: 31/34 MP: 5/5
  2278 | D:3      | Noticed brittlin's ghost (amateur HOFi)
  2292 | D:3      | Killed brittlin's ghost
  2292 | D:3      | Reached skill level 5 in Fighting
  2292 | D:3      | Reached skill level 5 in Armour
  2292 | D:3      | Reached XP level 6. HP: 40/40 MP: 6/6
  2693 | D:3      | Found an iron altar of Okawaru.
  2698 | D:3      | Found a glowing silver altar of Zin.
  2953 | D:3      | Found a sacrificial altar of Ru.
  3355 | D:4      | Noticed Duvessa
  3367 | D:4      | Noticed Dowan
  3385 | D:4      | Reached XP level 7. HP: 27/44 MP: 7/7
  3390 | D:4      | Slain by Duvessa

Skill      XL: |  1  2  3  4  5 |
---------------+----------------+-----
Armour         | 4 5 |  5.5
Fighting       | 4 5 |  5.5
Shields        | 4 |  4.4
Maces & Flails | 3 |  3.4

Action                   |  1- 3 |  4- 6 |  7- 9 || total
-------------------------+-------+-------+-------++-------
Melee: Flail             |   105 |   267 |     3 ||   375
       Unarmed           |       |       |     2 ||     2
 Abil: Evoke Berserk Rag |       |     1 |       ||     1
  Use: Scroll            |     5 |    11 |       ||    16
  Eat: Chunk             |       |     9 |       ||     9
Armor: Scale mail        |    54 |    80 |       ||   134
       Plate armour      |       |   102 |     3 ||   105
       Skin              |       |    19 |       ||    19
Dodge: Dodged            |    41 |   120 |       ||   161
Block: Shield            |    58 |   218 |     2 ||   278
